 Dungeon Crawl Stone Soup version 0.32-a0-666-ge8a88695a4 (webtiles) character file.

Game seed: 15757006174993328321

22040 hikkokomori the Prestidigitator (level 12, -10/145 HPs)
             Began as a Coglin Berserker on Mar 9, 2024.
             Was a High Priest of Trog.
             Mangled by an anaconda simulacrum (18 damage)
             ... on level 2 of the Lair of Beasts.
             The game lasted 00:32:16 (16115 turns).

hikkokomori the Prestidigitator (Coglin Berserker) Turns: 16115, Time: 00:32:16

Health: -10/145    AC: 35    Str: 21    XL:     12   Next: 96%
Magic:  12/12      EV: -2    Int:  7    God:    Trog [*****.]
Gold:   840        SH:  0    Dex: 15    Spells: 11/11 levels left

rFire   . . .        c - +1 hand axe (venom) {María}
rCold   . . .        e - +4 war axe (freeze) {Ishleen}
rNeg    . . .        n - +15 Maxwell's patent armour {-Cast -Tele rElec Will+ rCorr}
rPois   .            O - +1 helmet
rElec   +            T - +2 cloak
rCorr   +            N - +0 pair of gloves
SInv    .            (no boots)
Will    +....        (amulet unavailable) Stlth
                     (ring unavailable)
HPRegen 0.44/turn    (ring unavailable)
MPRegen 0.13/turn    (no gizmo)

%: no teleportation, no spellcasting
@: berserking, slowed, constricted, revved
A: off-hand wielding, slow wielding, warmup strikes, no jewellery
a: Invent Gizmo, Renounce Religion, Berserk, Trog's Hand, Brothers in Arms


You were on level 2 of the Lair of Beasts.
You worshipped Trog.
Trog was extremely pleased with you.
You visited 2 branches of the dungeon, and saw 13 of its levels.
You also visited: Bailey.

You collected 876 gold pieces.
You spent 36 gold pieces at shops.

Inventory:

Hand Weapons
 c - a +1 hand axe of venom (weapon) {María}
 e - a +4 war axe of freezing (offhand) {Ishleen}
 f - a +0 short sword of holy wrath {Numeria}
 E - a +3 short sword of venom {Jihoo}
 F - a +1 mace of protection {Qing}
 I - a +4 short sword {Myungok}
 M - a +2 war axe of freezing
 R - a +4 rapier
 W - a -2 demon whip of venom
Missiles
 d - 5 javelins
 J - 8 curare-tipped darts
Armour
 a - the scarf of Indemnity {harm, rC+ Will++ Int+4 Slay-3}
   (You found it in a bailey)

   Int+4:     It affects your intelligence (+4).
   Slay-3:    It affects your accuracy & damage with ranged weapons and melee
   (-3).
   rC+:       It protects you from cold.
   Will++:    It greatly increases your willpower.
 g - a scarf of repulsion
 n - the +15 Maxwell's patent armour (worn) {-Cast -Tele rElec Will+ rCorr}
   (You found it in a bailey)

   rElec:     It insulates you from electricity.
   Will+:     It increases your willpower.
   -Cast:     It prevents spellcasting.
   -Tele:     It prevents most forms of teleportation.
   rCorr:     It protects you from acid and corrosion.
 q - a +4 chain mail of fire resistance
 H - +0 steam dragon scales
 K - a +3 leather armour
 N - a +0 pair of gloves (worn)
 O - a +1 helmet (worn)
 Q - a +0 crystal plate armour
 T - a +2 cloak (worn)
Wands
 j - a wand of polymorph (7)
 s - a wand of warping (5)
 x - a wand of mindburst (24)
 D - a wand of flame (32) (quivered)
 S - a wand of charming (17)
Scrolls
 k - 4 scrolls of teleportation
 p - a scroll of blinking
 t - 2 scrolls of poison
 v - 3 scrolls of vulnerability
 y - a scroll of silence {unknown}
 A - a scroll of noise
 L - a scroll of enchant weapon
 U - a scroll of brand weapon {unknown}
Potions
 b - 2 potions of attraction
 h - 2 potions of brilliance
 i - 2 potions of berserk rage
 l - 2 potions of mutation
 m - 6 potions of enlightenment
 o - 7 potions of curing
 r - 3 potions of magic
 u - 4 potions of heal wounds
 w - 2 potions of resistance
 z - 18 potions of degeneration
 B - 2 potions of lignification
 C - 3 potions of ambrosia {unknown}
 G - 3 potions of might
 P - 2 potions of cancellation


   Skills:
 - Level 10.0 Fighting
 - Level 8.3 Short Blades
 + Level 10.4(11.2) Axes
 - Level 5.8(8.5) Maces & Flails
 + Level 3.6 Throwing
 + Level 7.3 Armour
 - Level 1.7 Dodging
 + Level 11.0 Evocations


You had 11 spell levels left.
You didn't know any spells.
Your spell library was empty.

Dungeon Overview and Level Annotations

Branches:
Dungeon (11/15)            Temple (0/1) D:5            Lair (2/5) D:11
 Shoals (0/4) Lair:2       Spider (0/4) Lair:2          Orc (0/2) D:10
 Bailey (visited)

Altars:
Elyvilon
Hepliaklqana
Vehumet
Wu Jian

Shops:
D:5 *   D:11 *

Portals:
Abyss: D:9

Annotations:
D:9 2 transporters, hikkokomori's ghost, novice CoBe
Lair:2 exclusion: ice statue


Innate Abilities, Weirdness & Mutations

You can wield a second weapon in your off-hand.
It takes a long time for you to wield or remove held weapons.
Your first few attacks do less damage.
You cannot equip rings or amulets.


Message History

The anaconda simulacrum bites you but does no damage.
The anaconda simulacrum constricts you. The freezing wraith hits you.
The freezing wraith freezes you!!
* * * LOW HITPOINT WARNING * * *
The freezing wraith hits you but does no damage.
The elephant simulacrum tramples you but does no damage.
The elephant simulacrum trunk-slaps you but does no damage.
A red film seems to cover your vision as you go berserk!
You feel yourself moving faster!
You feel mighty!
The anaconda simulacrum bites you but does no damage.
The anaconda simulacrum constricts you.
The anaconda simulacrum bites you but does no damage.
The anaconda simulacrum constricts you.
* * * LOW HITPOINT WARNING * * *
The freezing wraith hits you.
* * * LOW HITPOINT WARNING * * *
The freezing wraith freezes you!!
* * * LOW HITPOINT WARNING * * *
The freezing wraith hits you.
* * * LOW HITPOINT WARNING * * *
The elephant simulacrum tramples you.
* * * LOW HITPOINT WARNING * * *
You are held in place!
The elephant simulacrum trunk-slaps you but does no damage.
The anaconda simulacrum bites you but does no damage.
The anaconda simulacrum constricts you.
The freezing wraith completely misses you.
The freezing wraith hits you but does no damage.
You slash the freezing wraith with your +1 hand axe of venom!
The freezing wraith is almost destroyed.
You closely miss the anaconda simulacrum with your +1 hand axe of venom.
You hit the elephant simulacrum with your +1 hand axe of venom.
The elephant simulacrum vaporises!
Trog accepts your kill.
You hit the freezing wraith with your +4 war axe of freezing.
You slice the anaconda simulacrum with your +4 war axe of freezing!!
The anaconda simulacrum bites you.
* * * LOW HITPOINT WARNING * * *
The anaconda simulacrum freezes you!!
You die...

...........................~~~#
............>........>....#~~~≈#
..........................##~~~≈#
...........................#~~≈~≈
.....................###.####~~≈≈
.#.....................### #≈≈≈≈
##...."..............##.... ##≈≈#
.....................# ... ###
#...............@....# .
#..............ZW○....#
#.......................
..††.................##P+
......................##.
....~~~~~~~~~~~~~.......
P~~~~~~~~~~~~~~~~~~~~~P~
~~~~~~~~~~~~~≈≈~≈~~~~~~~
≈~~~.........


You could see a freezing wraith and an anaconda simulacrum.

Vanquished Creatures
  A catoblepas (Lair:1)
  A boulder beetle (Lair:1)
  2 two-headed ogres
  A death yak (Lair:2)
  Urug (Lair:1)
  Amaemon (D:11)
  Sonja (D:11)
  A bog body (Lair:2)
  An ugly thing (D:11)
  A merfolk siren (Lair:2)
  Joseph (D:10)
  3 gargoyles
  2 cane toads (Lair:2)
  An orange demon (D:11)
  A rime drake (Lair:2)
  An unseen horror (D:11)
  3 kobold demonologists (D:8)
  An ice devil (Lair:2)
  2 trolls (D:11)
  A polar bear (Lair:2)
  Grinder (D:3)
  2 wraiths
  A vampire (Bailey)
  A wyvern (D:10)
  19 yaks
  2 water elementals (D:11)
  8 vampire mosquitoes
  2 redbacks (Lair:2)
  2 steam dragons
  An acid dragon (D:11)
  5 water moccasins
  Duvessa (D:5)
  A black bear (D:6)
  A sky beast (D:6)
  3 orc warriors
  An ogre (D:6)
  2 ice beasts
  2 centaurs (D:9)
  4 wolves
  5 kobold brigands
  7 bullfrogs
  2 gnoll sergeants
  A two-headed ogre simulacrum (Lair:2)
  15 wights
  Dowan (D:5)
  13 killer bees
  An elephant simulacrum (Lair:2)
  4 electric eels
  8 vampire bats (Bailey)
  8 wolf zombies (Bailey)
  2 howler monkeys (D:11)
  A bombardier beetle (D:5)
  3 jellies
  10 hounds
  7 orc priests
  Jessica (D:2)
  7 iguanas
  11 orc wizards
  2 troll simulacra (Lair:2)
  A polar bear simulacrum (Lair:2)
  A hound zombie (D:4)
  9 gnolls
  6 adders
  A shadow imp (D:6)
  2 white imps (Lair:2)
  2 ufetubi (D:6)
  An adder zombie (D:4)
  2 adder skeletons (D:4)
  The ghost of KSaturn the Sneak, a weakling HuDe (D:6)
  A dart slug (D:1)
  A ribbon worm (D:3)
  62 orcs
  8 ball pythons
  12 endoplasms
  3 giant cockroaches
  10 goblins
  2 hobgoblins (D:3)
  4 jackals (D:5)
  4 bats
  2 frilled lizards (D:1)
  A jackal skeleton (D:4)
  27 kobolds
  22 orc zombies (Bailey)
  7 rats
387 creatures vanquished.

Notes
Turn   | Place    | Note
-------+----------+-------------------------------------------
     0 | D:1      | hikkokomori the Coglin Berserker began the quest for the
                  | Orb.
     0 | D:1      | Reached XP level 1. HP: 18/18 MP: 1/1
   285 | D:1      | Reached XP level 2. HP: 22/24 MP: 2/2
   459 | D:1      | Reached skill level 1 in Short Blades
   568 | D:1      | Found a faded altar of an unknown god.
   796 | D:2      | Reached XP level 3. HP: 29/29 MP: 3/3
   833 | D:2      | Noticed Jessica
   864 | D:2      | Killed Jessica
   865 | D:2      | Reached XP level 4. HP: 12/37 MP: 4/4
  1771 | D:3      | Noticed Grinder
  1772 | D:3      | Reached ** piety under Trog
  1781 | D:3      | Killed Grinder
  1782 | D:3      | Reached XP level 5. HP: 43/43 MP: 5/5
  1782 | D:3      | Reached XP level 6. HP: 49/49 MP: 6/6
  2836 | D:4      | Reached skill level 5 in Fighting
  2836 | D:4      | Reached skill level 5 in Axes
  2844 | D:4      | Reached XP level 7. HP: 13/56 MP: 7/7
  3693 | D:5      | Entered Level 5 of the Dungeon
  3732 | D:5      | Found a staircase to the Ecumenical Temple.
  3892 | D:5      | Found Weinered's CLEARANCE SALE!.
  3896 | D:5      | Bought a potion of heal wounds for 20 gold pieces
  3896 | D:5      | Bought a scroll of vulnerability for 16 gold pieces
  4420 | D:5      | Reached skill level 1 in Evocations
  4462 | D:5      | Reached *** piety under Trog
  4686 | D:5      | Noticed Duvessa
  4686 | D:5      | Noticed Dowan
  4698 | D:5      | Killed Duvessa
  4699 | D:5      | Reached skill level 2 in Evocations
  4699 | D:5      | Reached XP level 8. HP: 64/64 MP: 8/8
  4703 | D:5      | Killed Dowan
  5076 | D:6      | Found a runed translucent door.
  5401 | D:6      | Reached skill level 3 in Evocations
  5504 | D:6      | Found a runed translucent door.
  5505 | D:6      | Noticed KSaturn's ghost (weakling HuDe)
  5529 | D:6      | Reached skill level 4 in Evocations
  5756 | D:6      | Reached skill level 5 in Short Blades
  6447 | D:6      | Reached skill level 1 in Maces & Flails
  6653 | D:6      | Found an ornate altar of the Wu Jian Council.
  6674 | D:6      | Found a hazy altar of Hepliaklqana.
  6757 | D:6      | Killed KSaturn's ghost
  6760 | D:6      | Reached XP level 9. HP: 71/71 MP: 9/9
  6811 | D:7      | Reached skill level 5 in Evocations
  6988 | D:7      | HP: 1/71 [something/magic dart (9)]
  7550 | D:7      | Reached skill level 6 in Evocations
  8438 | D:7      | Reached skill level 7 in Evocations
  9032 | D:8      | Noticed a kobold demonologist
  9040 | D:8      | Noticed a kobold demonologist
  9041 | D:8      | Noticed a kobold demonologist
  9043 | D:8      | Killed a kobold demonologist
  9043 | D:8      | Reached **** piety under Trog
  9044 | D:8      | Reached XP level 10. HP: 80/80 MP: 10/10
  9052 | D:8      | Killed a kobold demonologist
  9360 | D:8      | Noticed a rust devil
  9360 | D:8      | Killed a kobold demonologist
  9399 | D:8      | Reached skill level 8 in Evocations
  9479 | D:8      | Found a radiant altar of Vehumet.
  9482 | D:8      | Found a white marble altar of Elyvilon.
 10038 | D:8      | Reached skill level 1 in Throwing
 10314 | D:9      | Reached skill level 5 in Maces & Flails
 10441 | D:9      | Found a transporter.
 10461 | D:9      | Noticed a worldbinder
 10479 | D:9      | Noticed a toenail golem
 10583 | D:9      | Found a flagged portal.
 10619 | Bailey   | Entered a bailey
 10663 | Bailey   | Reached ***** piety under Trog
 10752 | Bailey   | Noticed a gargoyle
 10771 | Bailey   | Killed a gargoyle
 10824 | Bailey   | Found the +15 Maxwell's patent armour {-Cast -Tele rElec
                  | Will+ rCorr}
 10825 | Bailey   | Identified the scarf of Indemnity {harm, rC+ Will++ Int+4
                  | Slay-3}
 10830 | Bailey   | Identified the +9 sling of the Crushed Blessings {drain,
                  | ^Contam rElec Will+++ Dex-4}
 11158 | Bailey   | Reached XP level 11. HP: 89/89 MP: 11/11
 11372 | Bailey   | Received a gift from Trog
 11626 | D:9      | Found a transporter.
 11652 | D:9      | Found a one-way gate to the infinite horrors of the Abyss.
 11652 | D:9      | Noticed hikkokomori's ghost (novice CoBe)
 11692 | D:9      | Noticed a large abomination
 12272 | D:10     | Entered Level 10 of the Dungeon
 12303 | D:10     | Found a staircase to the Orcish Mines.
 12601 | D:10     | Reached skill level 10 in Fighting
 12788 | D:10     | Noticed a two-headed ogre
 12794 | D:10     | Killed a two-headed ogre
 12850 | D:10     | Noticed Joseph
 12858 | D:10     | Killed Joseph
 13313 | D:11     | Found a staircase to the Lair.
 13345 | D:11     | Noticed a two-headed ogre
 13356 | D:11     | Killed a two-headed ogre
 13375 | D:11     | Noticed Sonja
 13376 | D:11     | Killed Sonja
 13690 | D:11     | Received a gift from Trog
 13697 | D:11     | Reached skill level 5 in Armour
 13855 | D:11     | Noticed a cyan ugly thing
 13867 | D:11     | Killed a cyan ugly thing
 13914 | D:11     | Found Nimuke's Elemental Accessories.
 13929 | D:11     | Reached XP level 12. HP: 90/97 MP: 12/12
 13930 | D:11     | Noticed Amaemon
 13944 | D:11     | Killed Amaemon
 14123 | D:11     | Reached skill level 9 in Evocations
 14398 | Lair:1   | Entered Level 1 of the Lair of Beasts
 14650 | Lair:1   | Noticed a catoblepas
 14673 | Lair:1   | Killed a catoblepas
 14844 | Lair:1   | Noticed a boulder beetle
 14854 | Lair:1   | Killed a boulder beetle
 15356 | Lair:1   | Noticed Urug
 15364 | Lair:1   | Killed Urug
 15365 | Lair:1   | Reached skill level 10 in Evocations
 15616 | Lair:2   | Reached skill level 10 in Axes
 15869 | Lair:2   | Found a hole to the Spider Nest.
 16065 | Lair:2   | Found a staircase to the Shoals.
 16087 | Lair:2   | Noticed a death yak
 16098 | Lair:2   | Killed a death yak
 16104 | Lair:2   | Reached skill level 11 in Evocations
 16115 | Lair:2   | Mangled by an anaconda simulacrum

Illustrated notes

Levels and vault maps discovered:
D:1:      scummos_arrival_forest, layout_rooms,
          ebering_ecumenical_altar_abandoned, grunt_decor_mini_mirrors,
          reono_crystal_passage
D:2:      layout_basic, serial_bayou, serial_bayou_crossing,
          serial_bayou_shore_a, serial_bayou_pond_a, serial_bayou_pond_b,
          uniq_jessica
D:3:      layout_basic, minmay_misc_feat_tower, uniq_grinder
D:4:      layout_loops_ring, serial_undead, serial_undead_e, serial_undead_c,
          serial_undead_f, serial_undead_b
D:5:      layout_gridville, minmay_temple_entry_waves, serial_bayou_pond_c,
          nicolae_shop_clearance, uniq_duvessa
D:6:      layout_layer_cave, jmf_multi_god_temple2, ebering_ghost_sewer_f
D:7:      layout_basic
D:8:      layout_loops_cross, chequers_temple_overflow_statue_of_worship,
          mrwooster_statue_mirror, chequers_serial_rivers_room_b
D:9:      layout_small_grid, enter_bailey_7, gammafunk_ghost_abyssal_escape
D:10:     layout_stronghold, david_orc_3, nrook_pool_corridor, uniq_joseph
D:11:     layout_small_grid, erik_lair_island, nicolae_elemental_shop,
          grunt_decor_cap, uniq_amaemon, uniq_sonja
Lair:1:   layout_cave_pods, nicolae_lair_grove_arrangements, uniq_urug
Lair:2:   dreamdust_isle_of_ice, layout_regular_city,
          minmay_shoals_entry_lonely_mermaid, spider_nest_entry_webs

Skill      XL: |  1  2  3  4  5  6  7  8  9 10 11 12 |
---------------+-------------------------------------+-----
Short Blades   | 1 2 3 4 5 6 7 8 |  8.3
Fighting       | 4 5 6 8 9 10 | 10.0
Axes           | 4 5 6 8 10 | 10.4
Evocations     | 2 4 7 8 11 | 11.0
Maces & Flails | 1 4 5 |  5.8
Throwing       | 2 3 |  3.6
Armour         | 5 7 |  7.3
Dodging        | |  1.7

Action                     |  1- 3 |  4- 6 |  7- 9 | 10-12 || total
---------------------------+-------+-------+-------+-------++-------
  Melee: Dagger            |    19 |       |     2 |    31 ||    52
         Hand axe          |    48 |   106 |   289 |   218 ||   661
         Short sword       |    25 |   101 |   160 |   218 ||   504
         Rapier            |       |       |   161 |       ||   161
         Mace              |       |       |    53 |   385 ||   438
         War axe           |       |       |       |   268 ||   268
 Invoke: Berserk           |     1 |     1 |     9 |     6 ||    17
         Trog's Hand       |       |     1 |       |     1 ||     2
  Evoke: Wand              |       |       |     3 |    11 ||    14
    Use: Scroll            |       |       |     1 |    19 ||    20
         Potion            |       |       |       |     2 ||     2
   Stab: Sleeping          |     1 |       |       |       ||     1
 Armour: Animal skin       |     7 |       |       |       ||     7
         Scale mail        |    20 |    82 |    89 |       ||   191
         Steam dragon scal |       |       |    98 |       ||    98
         Leather armour    |       |       |    34 |   143 ||   177
         Plate armour      |       |       |       |   671 ||   671
  Dodge: Dodged            |    27 |    64 |   157 |   311 ||   559
         Repelled          |       |       |     7 |    10 ||    17

Table legend: (Time is in decaauts)
 A = Elapsed time spent in this place.
 B = Non-inter-level travel time spent in this place.
 C = Inter-level travel time spent in this place.
 D = Time resting spent in this place.
 E = Time spent auto-exploring this place.
 F = Levels seen in this place.
 G = Mean time per level.
                   A        B        C        D        E       F      G
               +--------+--------+--------+--------+--------+-----+--------+
         Total |  16224 |  15689 |    535 |   1358 |  11206 |  14 | 1158.9 |
       Dungeon |  13706 |  13176 |    530 |   1001 |   9628 |  11 | 1246.0 |
          Lair |   1710 |   1706 |      4 |     95 |   1365 |   2 |  855.0 |
        Bailey |    807 |    807 |      0 |    262 |    211 |   1 |  807.0 |
               +--------+--------+--------+--------+--------+-----+--------+

Top non-repeatable levels by time:
     D:6: 2454 daAuts
     D:7: 1787 daAuts
     D:5: 1311 daAuts
  Lair:1: 1299 daAuts
    D:11: 1180 daAuts
     D:9: 1157 daAuts
     D:2: 1119 daAuts
     D:3: 1046 daAuts
     D:4: 992 daAuts
     D:8: 990 daAuts
    D:10: 961 daAuts
  Bailey: 807 daAuts
     D:1: 704 daAuts
  Lair:2: 410 daAuts
